[Event "*** Titled Tuesday Blitz"]
[Site "Chess.com"]
[Date "2021.04.27"]
[Round "7"]
[White "PotapovaM"]
[Black "sokidze"]
[Result "1/2-1/2"]
[WhiteElo "2576"]
[BlackElo "2695"]
[TimeControl "180+1"]
[EndTime "11:18:25 PDT"]
[Termination "Game drawn by repetition"]

1. d4 Nf6 2. c4 e6 3. Nc3 Bb4 4. e3 O-O 5. Bd2 c5 6. a3 Bxc3 7. Bxc3 d6 8. Nf3 Ne4 9. Rc1 Nxc3 10. Rxc3 Qe7 11. Be2 b6 12. O-O Bb7 13. b4 Nd7 14. Qb3 e5 15. d5 f5 16. Rcc1 Kh8 17. Nd2 Rae8 18. Rce1 e4 19. f4 exf3 20. Bxf3 Ne5 21. Bd1 Bc8 22. Qb1 Bd7 23. h3 Qg5 24. Qb3 h6 25.
Nf3 Qg3 26. bxc5 dxc5 27. Kh1 Rf6 28. Nxe5 Rxe5 29. Bf3 f4 30. Qc3 fxe3 31. Rxe3 Rxe3 32. Qxe3 Qd6 33. Re1 Kh7 34. Qe4+ Bf5 35. Qe7 Qg3 36. Qe3 Rg6 37. Be4 Bxe4 38. Qxg3 Rxg3 39. Rxe4 Rxa3 40. Re7 Rc3 41. Rxa7 Rxc4 42. Rb7 Rd4 43. Rxb6 Rxd5 44. Rc6 h5 45. Kh2 g6 46. Kg3 Kh6 47. Kf4 Rd4+ 48. Kf3 c4 49. Rc5 h4 50. Kf2 g5 51. Rc6+ Kh5 52. Ke2 Re4+ 53. Kf2 Rf4+ 54.
Ke2 Rd4 55. Ke3 Rd3+ 56. Ke2 Rg3 57. Kf2 Rc3 58. Ke2 Rc2+ 59. Kf3 Rc1 60. Kf2 c3 61. Ke2 c2 62. Kf2 g4 63. Rc5+ Kg6 64. hxg4 h3 65. Kg3 hxg2 66. Kxg2 Kg7 67. g5 Kg6 68. Kh2 Kg7 69.
Kg2 Kg6 70. Kh2 Kg7 71. Kg2 1/2-1/2

[Event "*** Titled Tuesday Blitz"]
[Site "Chess.com"]
[Date "2021.04.27"]
[Round "7"]
[White "FMalexhdez"]
[Black "WonderChampion"]
[Result "1-0"]
[WhiteElo "2262"]
[BlackElo "2100"]
[TimeControl "180+1"]
[EndTime "11:18:26 PDT"]
[Termination "FMalexhdez won by checkmate"]

1. e4 c5 2. Nf3 Nc6 3. d4 cxd4 4. Nxd4 d6 5. Nc3 Nf6 6. g3 Bd7 7. Bg2 g6 8. O-O Bg7 9. Nb3 O-O 10. Nd5 Nxd5 11.
exd5 Ne5 12. c3 Bb5 13. Re1 Nd3 14. Re3 Nxc1 15. Rxc1 Qb6 16. Rxe7 Rfe8 17. Rxe8+ Rxe8 18. Bf1 Bxf1 19. Qxf1 a5 20. Rc2 a4 21. Nd2 Qc5 22. c4 Bh6 23. Nf3 a3 24. b3 Qb4 25. Kg2 b6 26.
Qd3 Qc5 27. Re2 Qc8 28. Nd4 Rxe2 29. Qxe2 Bg7 30. Nb5 Qd7 31. Nxa3 Be5 32. Nb5 Kg7 33. Qe3 Qd8 34. Nd4 Qd7 35. Nc6 Qc7 36. Nxe5 dxe5 37. Qd3 Qd6 38. Qd2 f5 39. Qb2 Kf7 40. b4 e4 41. a4 f4 42. Qd4 f3+ 43. Kf1 Qe7 44. c5 bxc5 45. bxc5 Qa7 46. Qxe4 Qa6+ 47. Ke1 Qa5+ 48.
Kf1 Qa6+ 49. Ke1 Qa5+ 50. Kd1 Qxc5 51. Qxf3+ Kg7 52. Qd3 Qd6 53. Ke2 Qe7+ 54. Kf1 Qf6 55. Kg2 Qe7 56. d6 Qd7 57. Qd4+ Kf7 58. a5 Qc6+ 59.
f3 Qc2+ 60. Kh3 Qc8+ 61. Qg4 Qd8 62. Qf4+ Kg7 63. a6 Qd7+ 64. g4 Qd8 65. Qe5+ Kf7 66. Qe7+ Qxe7 67. dxe7 Kxe7 68. a7 Ke6 69. a8=Q Ke5 70.
Qa6 Kf4 71. Qb7 Ke3 72. Qxh7 Kf2 73. Qxg6 Kg1 74. Qe4 Kh1 75. Kg3 Kg1 76. Qe1# 1-0

[Event "*** Titled Tuesday Blitz"]
[Site "Chess.com"]
[Date "2021.04.27"]
[Round "7"]
[White "AsaHoffmann"]
[Black "suyu28"]
[Result "0-1"]
[WhiteElo "2378"]
[BlackElo "2637"]
[TimeControl "180+1"]
[EndTime "11:18:27 PDT"]
[Termination "suyu28 won on time"]

1. d4 d5 2. Bg5 c6 3. e3 Qb6 4. b3 Bf5 5. Bd3 Bg6 6. Ne2 Nd7 7. f4 Bxd3 8. Qxd3 Ngf6 9. Nd2 e6 10.
O-O h6 11. Bh4 Bd6 12. c4 Qa6 13. e4 dxe4 14. Nxe4 Nxe4 15. Qxe4 O-O 16. Ng3 Rae8 17. Rf2 c5 18. d5 Nb6 19. dxe6 Rxe6 20. Qd3 Qa5 21. f5 Re1+ 22. Rxe1 Qxe1+ 23. Rf1 Qe5 24. Rd1 Bc7 25. Qe4 Re8 26. Qxe5 Bxe5 27. Nf1 Nc8 28.
Bf2 b6 29. Rd7 Nd6 30. g4 h5 31. h3 a6 32. Kg2 Ne4 33. Be3 Nc3 34. a3 Bf6 35. Rb7 b5 36. cxb5 axb5 37. Bxc5 Re2+ 38. Kf3 Rb2 39. b4 Rb3 40. Ne3 Rxa3 41. Rb8+ Kh7 42. Kf4 Ne2+ 43. Kf3 Ng1+ 44. Kg2 Ne2 45. Kf2 Nf4 46.
Rxb5 Nxh3+ 47. Kg3 hxg4 48. Kxg4 Nf2+ 49. Kf3 Nd1 50. Rb7 Nxe3 51. Bxe3 Bg5 52. Rxf7 Rxe3+ 53. Kf2 Rb3 54. Rb7 Bf6 55. b5 Kh6 56. Ke2 Kg5 57. Kd2 Kxf5 58. Kc2 Rb2+ 59. Kc1 g5 60. Rf7 Rxb5 61. Kd2 Re5 62. Kd3 g4 63. Rf8 Re7 64.
Rg8 Kf4 65. Rg6 Rf7 66. Ke2 Kf5 67. Rg8 Rg7 68. Rf8 g3 69. Kf1 g2+ 70. Kg1 Ke6 71. Re8+ Kd5 72. Re1 Bd4+ 73. Kh2 g1=Q+ 74. Rxg1 Bxg1+ 75. Kh3 Be3 76. Kh4 Ke4 0-1

[Event "*** Titled Tuesday Blitz"]
[Site "Chess.com"]
[Date "2021.04.27"]
[Round "7"]
[White "PlotnikovPavel"]
[Black "ChampStan"]
[Result "0-1"]
[WhiteElo "2455"]
[BlackElo "2141"]
[TimeControl "180+1"]
[EndTime "11:18:32 PDT"]
[Termination "ChampStan won by resignation"]

1. e4 e5 2. Nf3 Nc6 3. Nc3 Nf6 4. Be2 Bc5 5. Nxe5 Nxe5 6. d4 Bd6 7. dxe5 Bxe5 8. Nb5 c6 9. Nd6+ Bxd6 10. Qxd6 Qa5+ 11.
Bd2 Nxe4 12. Bxa5 Nxd6 13. O-O-O Ne4 14. f3 Nc5 15. Rhe1 Ne6 16. Bd3 d5 17. c4 O-O 18.
cxd5 cxd5 19. Bc2 b6 20. Bb4 Rd8 21. Be7 Rd7 22. Bh4 Bb7 23. Ba4 Rc7+ 24. Kb1 Rac8 25. Bb3 Rc5 26. Bf2 Rb5 27. Rc1 Rd8 28. Rxe6 fxe6 29. Rc7 Ba6 30. Bd4 Rxb3 31. axb3 Bd3+ 32. Kc1 Bg6 33. Rxg7+ Kf8 34. Rxa7 Rc8+ 35. Kd2 Rc2+ 36.
Ke3 Rxg2 37. Ra8+ Ke7 38. Be5 Kd7 39. Ra7+ Kc6 40. Rc7+ Kb5 41. Re7 Bf5 42. Rb7 Rg1 43.
Bd4 Rg2 44. Rxb6+ Ka5 45. Rb8 Rxh2 46. Ra8+ Kb5 47. Rb8+ Kc6 48. Rb6+ Kc7 49. Ra6 Rh1 50. Be5+ Kb7 51. Ra3 h5 52. Ra4 Re1+ 53. Kf4 Rb1 54. Rb4+ Ka6 55. Ra4+ Kb5 56. Rd4 h4 57. Rd2 h3 58. Rh2 Rg1 59. Ke3 Rg2 60. Kd4 Rxh2 61. Bxh2 Kb4 62. Ke5 Kxb3 63. Kd4 Kxb2 64. Bg3 Kc2 65.
Bf4 Kd1 66. Ke3 Ke1 67. Bg3+ Kf1 68. Be5 Kg2 69. Kd4 h2 70. Bxh2 Kxh2 71. Ke5 Kg2 0-1

[Event "*** Titled Tuesday Blitz"]
[Site "Chess.com"]
[Date "2021.04.27"]
[Round "7"]
[White "Agoking701"]
[Black "Cambek64"]
[Result "1-0"]
[WhiteElo "2287"]
[BlackElo "2480"]
[TimeControl "180+1"]
[EndTime "11:18:33 PDT"]
[Termination "Agoking701 won by resignation"]

1. e4 c5 2. Nf3 e6 3. c3 Nf6 4. Bd3 Nc6 5. O-O d5 6. e5 Nd7 7. Re1 Qc7 8. Qe2 Be7 9. Bc2 a5 10. a3 b5 11. d3 Ba6 12. Bf4 O-O 13. Nbd2 b4 14. axb4 axb4 15. c4 d4 16. Ba4 Bb7 17. Bb5 Na7 18. Bxd7 Qxd7 19. Ne4 Bxe4 20. Qxe4 h6 21. Nd2 Qc6 22. Kf1 Qxe4 23. Nxe4 Nc6 24. Ke2 Kh7 25. Kd2 f5 26. exf6 gxf6 27. Bd6 Bxd6 28.
Nxd6 Na5 29. Kc2 e5 30. Ra4 b3+ 31. Kd2 Nc6 32. Rea1 Rad8 33. Ne4 f5 34. Nxc5 Rf6 35. Ra6 Rg8 36. g3 Kg6 37. Rb6 Ne7 38. Rxf6+ Kxf6 39. Nxb3 e4 40. Nc5 Nc6 41. Ra6 Rc8 42. dxe4 fxe4 43. Nxe4+ Ke5 44. f3 d3 45. Kc3 d2 46. Kxd2 Kd4 47.
b3 Rc7 48. Ke2 h5 49. Kf2 h4 50. gxh4 Nb4 51. Rd6+ Ke5 52. Rg6 Ra7 53. Kg3 Ra1 54. Rg5+ Kd4 55. h5 Ke3 56. h3 Nc2 57. Re5 Nd4 58. Re8 Ne2+ 59. Kg4 Rg1+ 60. Kf5 Nd4+ 61. Kf6 Nxf3 62. Ng5+ Kf4 63. Nxf3 Kxf3 64. h6 Rf1 65. h7 Kg3+ 66. Kg7 Kh2 67. h8=Q Rg1+ 68. Kh7 Rg2 69. Qc3 Rg3 70. Re3 Rg7+ 71. Kxg7 1-0

[Event "*** Titled Tuesday Blitz"]
[Site "Chess.com"]
[Date "2021.04.27"]
[Round "7"]
[White "Andreikka"]
[Black "jacky72"]
[Result "1/2-1/2"]
[WhiteElo "2877"]
[BlackElo "2732"]
[TimeControl "180+1"]
[EndTime "11:18:34 PDT"]
[Termination "Game drawn - insufficient material"]

1. e4 e5 2. Nf3 Nc6 3. Bb5 a6 4. Ba4 d6 5. c3 Bd7 6. d4 g6 7. Bg5 f6 8. Be3 Nh6 9. O-O Bg7 10. Nbd2 Ng4 11. Bb3 Nxe3 12. fxe3 Na5 13. Bc2 O-O 14. b4 Nc6 15. Bb3+ Kh8 16. a3 Qe7 17. Qe1 f5 18.
Bd5 fxe4 19. Nxe4 exd4 20. exd4 Be6 21. Bxc6 bxc6 22. Neg5 Rae8 23. Qxe6 Qxe6 24. Nxe6 Rxe6 25. Rfe1 Rfe8 26. Rxe6 Rxe6 27. Kf2 c5 28. Re1 Rxe1 29. Kxe1 cxd4 30. cxd4 Kg8 31. Ke2 Bf6 32. Kd3 Kf7 33. d5 Ke7 34. a4 Kd7 35. Kc4 c6 36. Ne1 Kc7 37. Nd3 Bg5 38. h3 Be3 39. dxc6 Kxc6 40. b5+ axb5+ 41. axb5+ Kb6 42. Nb4 Bg5 43. Nd5+ Ka5 44.
Nc3 Bf6 45. Nd5 Bd8 46. Nf4 Be7 47. g4 Bf6 48. Nd5 Bd8 49. Nb4 Bf6 50. Nc6+ Kb6 51.
Nb4 Ka5 52. Nd5 Bd8 53. Nf4 Be7 54. Ne2 h5 55. Nf4 hxg4 56. hxg4 g5 57. Nd5 Bd8 58. Nc3 Bf6 59. Nd5 Bd8 60. b6 Ka6 61. Kd4 Bxb6+ 62. Ke4 Bd8 63. Kf5 Kb5 64. Ke6 Kc5 65. Ne3 Ba5 66. Nd5 Bd2 67. Nf6 Kd4 68. Kxd6 Ke3 69.
Ke5 Kf3 70. Kf5 Bc1 71. Ne4 Ke3 72. Nxg5 Kd4 73. Nh3 Kd5 74. Nf4+ Kd6 75. g5 Ke7 76. Nd3 Bxg5 1/2-1/2

[Event "*** Titled Tuesday Blitz"]
[Site "Chess.com"]
[Date "2021.04.27"]
[Round "7"]
[White "SargissyanSargis"]
[Black "WisdomGame"]
[Result "0-1"]
[WhiteElo "2348"]
[BlackElo "2150"]
[TimeControl "180+1"]
[EndTime "11:18:48 PDT"]
[Termination "WisdomGame won by checkmate"]

1. e4 c5 2. Nc3 Nc6 3. Bb5 e5 4. Nge2 d6 5. d3 Ne7 6. O-O g6 7. a4 Bg7 8. Be3 O-O 9. Bc4 Kh8 10. f4 f5 11. Qd2 Nd4 12. Bxd4 exd4 13. Nd5 fxe4 14. dxe4 Be6 15. c3 Bxd5 16. Bxd5 Nxd5 17.
exd5 dxc3 18. Nxc3 Bxc3 19. Qxc3+ Qf6 20. Qd2 Rae8 21. g3 Re4 22. Rae1 Qd4+ 23. Qxd4+ Rxd4 24. Rd1 Rxd1 25. Rxd1 Re8 26. Kf2 Re4 27. b3 Rb4 28. Rd3 Kg7 29. Re3 Kf7 30. Rd3 a6 31. Kf3 b5 32.
axb5 axb5 33. Ke3 Kf6 34. h3 h5 35. Kf3 Kf7 36. g4 hxg4+ 37. hxg4 Kf6 38. Ke3 Kf7 39. Kf3 Kf6 40. Ke3 g5 41. fxg5+ Kxg5 42. Kd2 Rxg4 43.
Kc3 b4+ 44. Kc2 Kf5 45. Rh3 Ke5 46. Rh5+ Kd4 47. Kd2 Re4 48. Kc2 Re5 49. Rh4+ Kxd5 50. Kd3 Rf5 51. Rh3 Rg5 52. Rf3 Re5 53. Rg3 Kc6 54.
Rg6 Rd5+ 55. Kc2 Rd4 56. Rg8 Rh4 57. Rg2 Rh3 58. Rd2 d5 59. Re2 c4 60. bxc4 dxc4 61. Re8 b3+ 62. Kb2 Rh5 63. Rc8+ Kd5 64. Kc3 Rh3+ 65. Kb2 Rh2+ 66. Kc3 Rc2+ 67. Kb4 b2 68. Rd8+ Ke6 69. Re8+ Kd7 70. Re1 Rc1 71. Re2 b1=Q+ 72. Kc5 Rc2 73. Re5 Qd1 74. Rd5+ Qxd5+ 75. Kxd5 c3 76.
Kc5 Rc1 77. Kb4 c2 78. Kb3 Rg1 79. Kxc2 Rg3 80. Kd2 Ke6 81. Ke2 Kf5 82. Kf2 Kf4 83. Ke2 Rf3 84. Kd2 Re3 85. Kc2 Ke4 86. Kd2 Kd4 87.
Kc2 Rd3 88. Kb2 Kc4 89. Kc2 Kd4 90. Kb2 Rc3 91. Ka2 Kc4 92. Kb2 Kb4 93. Ka2 Rc2+ 94. Kb1 Kb3 95. Ka1 Rc1# 0-1

[Event "*** Titled Tuesday Blitz"]
[Site "Chess.com"]
[Date "2021.04.27"]
[Round "7"]
[White "azikom"]
[Black "Mihnea2017"]
[Result "1/2-1/2"]
[WhiteElo "2648"]
[BlackElo "2483"]
[TimeControl "180+1"]
[EndTime "11:18:50 PDT"]
[Termination "Game drawn - insufficient material"]

1. d4 Nf6 2. Nf3 e6 3. c4 d5 4.
Nc3 Nbd7 5. e3 Be7 6. b3 O-O 7.
Bb2 b6 8. cxd5 exd5 9. Bd3 Bb7 10. O-O c5 11. Ne5 a6 12. Qf3 Re8 13. Qh3 Nf8 14. Rad1 Bd6 15. f4 b5 16. Ne2 c4 17.
Bb1 Ne4 18. Bxe4 dxe4 19. bxc4 bxc4 20. Nxc4 Rc8 21. Nxd6 Qxd6 22. d5 Rc2 23. Be5 Qd7 24. Nd4 Qxh3 25. gxh3 Rxa2 26. Nf5 f6 27. Nd6 Re7 28.
Bc3 Ng6 29. Rf2 Rxf2 30. Kxf2 Rd7 31. Bb4 Ne7 32. Nxb7 Rxb7 33. Bxe7 Rxe7 34. f5 Kf7 35. Kg3 Ra7 36. Kf4 Ke7 37. Ra1 a5 38. Ra4 Kd6 39. Kxe4 Ra8 40. Kd4 Ra7 41. e4 Ra8 42. h4 h5 43. h3 Ra7 44. Kc3 Ke5 45. Rc4 a4 46. Kb2 a3+ 47. Ka2 Ra8 48. Rb4 Ra7 49. Rc4 Ra8 50. Rc7 Kxe4 51. d6 Rd8 52.
Rxg7 Rxd6 53. Rh7 Kxf5 54. Rxh5+ Ke4 55. Kxa3 Rd3+ 56. Kb2 Rxh3 57. Kc2 f5 58. Rh8 f4 59. h5 Rh2+ 60. Kd1 Ke3 61. h6 f3 62. h7 Rh1+ 63. Kc2 Kf2 64. Kd2 Rh6 65. Kc2 Rc6+ 66. Kd2 Rd6+ 67. Kc2 Rd7 68. Kc3 Re7 69. Kd2 Rd7+ 70.
Kc3 Kf1 71. Rf8 Rxh7 72. Rxf3+ Ke2 73. Rf8 Rc7+ 74. Kb4 Rd7 75. Kc5 Rd2 76. Kc6 Kd1 77. Kc7 Kc2 78. Rd8 Rxd8 79. Kxd8 1/2-1/2

[Event "*** Titled Tuesday Blitz"]
[Site "Chess.com"]
[Date "2021.04.27"]
[Round "7"]
[White "Orest_Vovk"]
[Black "atbenina64"]
[Result "0-1"]
[WhiteElo "2360"]
[BlackElo "2525"]
[TimeControl "180+1"]
[EndTime "11:19:01 PDT"]
[Termination "atbenina64 won by checkmate"]

1. h3 h6 2. g4 d5 3. Bg2 c6 4. d4 Nf6 5. Nf3 g6 6. Bf4 Qb6 7. b3 Ne4 8. O-O h5 9. g5 Bg7 10. e3 h4 11. Nfd2 Nd6 12. c4 Qa5 13. cxd5 cxd5 14. Bxd6 exd6 15. a3 Be6 16. b4 Qd8 17. f4 Nc6 18. Nc3 Nxd4 19. Nxd5 Nf5 20. Ne4 Bxd5 21. Qxd5 O-O 22. Rae1 Qb6 23. Qd3 Rfe8 24.
Kh2 Rad8 25. Rf3 d5 26. Nf2 Qc7 27. Ng4 d4 28. e4 Ne3 29. Nxe3 dxe3 30. Qxe3 Bd4 31.
Qe2 Qb6 32. e5 Rc8 33. Rd3 Bf2 34. Red1 Bg3+ 35. Kh1 Rcd8 36. Bd5 Kg7 37. Qf3 Qc7 38. R3d2 Rd7 39. Be4 Red8 40. Rxd7 Rxd7 41. Rxd7 Qxd7 42.
Qe2 Qxh3+ 43. Kg1 Bxf4 44. Bg2 Be3+ 45. Kf1 Qg3 46. Qf3 Qxe5 47. Qe4 Qxg5 48. Ke2 Bf4 49. Bf3 h3 50. Qd4+ Be5 51. Qe4 h2 52. Kd3 Qf6 53. Kc4 a6 54. Kb3 b5 55. a4 Ba1 56.
axb5 axb5 57. Kc2 Qb2+ 58. Kd3 Qb1+ 59. Ke2 Qa2+ 60. Ke3 Bf6 61. Kf4 Qd2+ 62. Kg3 Qd6+ 63. Kg2 Qd4 64. Qxd4 Bxd4 65. Kxh2 Bc3 66. Kh3 Bxb4 67.
Bc6 Be7 68. Bxb5 f5 69. Bd3 Kf6 70. Be2 g5 71. Kg3 Bd6+ 72. Kh3 Ke5 73. Bd3 Kf4 74.
Bc2 g4+ 75. Kg2 Kg5 76. Bd3 f4 77. Be4 Kf6 78. Bb7 Kg5 79. Bc6 Kf6 80. Bb7 Ke5 81. Bc8 f3+ 82. Kf2 Kf4 83. Bb7 g3+ 84. Kf1 Ke3 85. Ke1 g2 86. Bxf3 g1=Q# 0-1

[Event "*** Titled Tuesday Blitz"]
[Site "Chess.com"]
[Date "2021.04.27"]
[Round "7"]
[White "gmcorrales"]
[Black "ckgchess"]
[Result "1/2-1/2"]
[WhiteElo "2860"]
[BlackElo "2685"]
[TimeControl "180+1"]
[EndTime "11:19:19 PDT"]
[Termination "Game drawn by repetition"]

1. e4 c5 2. Nf3 d6 3. d4 cxd4 4.
Nxd4 Nf6 5. Nc3 g6 6. Be3 Bg7 7. f3 a6 8. Qd2 h5 9. Bc4 Qc7 10. Bb3 Nbd7 11. O-O Nc5 12. Nd5 Nxd5 13. exd5 Bd7 14.
Rfe1 Nxb3 15. cxb3 O-O 16. Rac1 Qd8 17. Bh6 Bxh6 18.
Qxh6 Qb6 19. Qe3 Rac8 20. Rc3 Rxc3 21. bxc3 Rc8 22. c4 Qc5 23. Qf2 Re8 24. a4 b5 25.
axb5 axb5 26. Nxb5 Qxf2+ 27. Kxf2 Bxb5 28. cxb5 Rb8 29. Rxe7 Rxb5 30. Re3 Rxd5 31. b4 Kf8 32. Ke2 Rb5 33.
Rb3 Ke7 34. Kd3 Kd7 35. Kc3 h4 36. g4 hxg3 37. hxg3 Rf5 38. Kb2 Kc6 39. Ka3 Kb5 40. Rd3 d5 41. f4 Kc4 42. Rd1 d4 43. Rc1+ Kd3 44. Kb3 Ke2 45. Rc7 d3 46. Re7+ Kd1 47. Rd7 Ke2 48. Kc3 Rf6 49. b5 Rf5 50. b6 Rc5+ 51.
Kb4 Rc1 52. Re7+ Kf2 53. Rd7 Ke2 54. Re7+ Kf2 55. Rd7 Rb1+ 56. Kc3 Rxb6 57. Rxf7 Ke2 58. Re7+ Kf3 59. Kxd3 Kxg3 60. Rf7 Kg4 61. Ke3 Rb3+ 62.
Kf2 Rf3+ 63. Kg2 Rxf4 64. Rg7 g5 65. Ra7 Rf5 66. Ra4+ Rf4 67. Ra3 Re4 68. Rg3+ Kf5 69. Ra3 Rf4 70. Kg3 Rd4 71. Ra5+ Kg6 72. Ra6+ Kh5 73. Ra3 Rg4+ 74. Kh3 Rh4+ 75. Kg3 Rb4 76. Kh3 Rc4 77. Kg3 Rc5 78. Kh3 Kg6 79. Kg3 Kf5 80.
Rf3+ Ke4 81. Ra3 Rc1 82. Ra4+ Kf5 83. Ra5+ Kg6 84. Ra4 Rg1+ 85. Kh2 Rb1 86. Kg3 Kh5 87.
Ra3 Rg1+ 88. Kh2 Rg4 89. Kh3 Rc4 90. Kg3 Rc1 91. Rb3 Rh1 92. Rb8 Rg1+ 93. Kh2 Ra1 94. Rb4 g4 95. Rb8 Ra2+ 96. Kg3 Ra3+ 97. Kg2 Kg5 98.
Rg8+ Kf4 99. Rf8+ Ke5 100. Re8+ Kf6 101. Rf8+ Kg6 102. Rg8+ Kh6 103. Rh8+ Kg5 104. Rg8+ Kh4 105. Rh8+ Kg5 106. Rg8+ 1/2-1/2

[Event "*** Titled Tuesday Blitz"]
[Site "Chess.com"]
[Date "2021.04.27"]
[Round "7"]
[White "Lion-Al-Messi"]
[Black "Margency"]
[Result "1/2-1/2"]
[WhiteElo "2499"]
[BlackElo "2658"]
[TimeControl "180+1"]
[EndTime "11:19:42 PDT"]
[Termination "Game drawn by repetition"]

1. e4 c5 2. Nf3 d6 3. d4 cxd4 4. Nxd4 Nf6 5. Nc3 a6 6. h3 e6 7. g4 b5 8. Bg2 Bb7 9. g5 Nfd7 10. Qh5 g6 11. Qe2 b4 12. Na4 Bg7 13. Be3 O-O 14. Rd1 Qa5 15. b3 d5 16. exd5 Bxd5 17. Bxd5 Qxd5 18. Qf3 Qxf3 19. Nxf3 Rc8 20. Rd2 Rc6 21. O-O a5 22. Rfd1 Nf8 23. Rd8 Rca6 24. Nb6 a4 25.
Nxa8 Rxa8 26. Bc5 axb3 27. axb3 Na6 28. Rxa8 Nxc5 29. Rdd8 h6 30. h4 hxg5 31. hxg5 Ne4 32.
Kg2 Nc5 33. Rac8 Ne4 34. Rc4 f5 35. gxf6 Nxf6 36. Rxb4 Nd5 37. Rbb8 Kf7 38. Rb7+ Kg8 39. Rbb8 Kf7 40. Ng5+ Kf6 41. Rxf8+ Kxg5 42. Rg8 Be5 43. Rb5 Kf5 44. Rf8+ Ke4 45. f3+ Ke3 46. c4 Nf4+ 47.
Kf1 Bd6 48. Rb6 Bxf8 49. Rb8 Bd6 50. Rd8 Bc5 51. Rc8 Nd3 52. Rg8 Kxf3 53. Rxg6 e5 54.
Rf6+ Ke3 55. Rh6 e4 56. Rh2 Kd4 57. Ke2 Nf4+ 58. Kf2 Kd3+ 59. Kg3 Ne2+ 60. Kg4 Nd4 61. Rh3+ e3 62. Kf4 Bd6+ 63. Kg4 Kd2 64. Rxe3 Kxe3 65. Kg5 Nxb3 66. Kf6 Kd4 67. Ke6 Bc5 68. Kd7 Kxc4 69.
Ke6 Nd4+ 70. Kf7 Kd5 71. Kg6 Ke5 72. Kh7 Be7 73. Kg6 Nf5 74. Kh5 Kf6 75. Kg4 Bc5 76. Kf3 Ke5 77. Ke2 Ke4 78. Kf1 Kf3 79. Ke1 Be3 80. Kf1 Nd4 81. Ke1 Nc2+ 82. Kf1 Nd4 83. Ke1 Bf4 84. Kf1 Ke3 85. Ke1 Bg3+ 86. Kf1 Kf3 87.
Kg1 Ne2+ 88. Kh1 Nf4 89. Kg1 Bf2+ 90. Kf1 Bg3 91. Kg1 Nh3+ 92. Kh1 Nf2+ 93. Kg1 Ng4 94. Kf1 Nh2+ 95. Kg1 Ng4 96. Kf1 Nf2 97. Kg1 Ne4 98. Kf1 Bh2 99. Ke1 Ke3 100. Kf1 Kf3 101. Ke1 Bf4 102. Kf1 Nd2+ 103. Kg1 Bg3 104. Kh1 Ne4 105. Kg1 Nf2 106. Kf1 Bh2 107. Ke1 Ne4 108. Kf1 Nd2+ 109. Ke1 Ke3 110. Kd1 Kd3 111. Ke1 Bg3+ 112. Kd1 Nc4 113. Kc1 Kc3 114. Kd1 Kd3 115. Kc1 Bf4+ 116. Kd1 Bg3 1/2-1/2

[Event "*** Titled Tuesday Blitz"]
[Site "Chess.com"]
[Date "2021.04.27"]
[Round "8"]
[White "HanSchut"]
[Black "MFBerna"]
[Result "0-1"]
[WhiteElo "2282"]
[BlackElo "2451"]
[TimeControl "180+1"]
[EndTime "11:20:50 PDT"]
[Termination "MFBerna won by resignation"]

1. e4 c5 2. Nf3 Nc6 3. d4 cxd4 4. Nxd4 e6 5. Nc3 Qc7 6. Qd3 a6 7. a3 Nf6 8. Bg5 Be7 9. Qg3 Qxg3 10. hxg3 Nxd4 0-1

[Event "*** Titled Tuesday Blitz"]
[Site "Chess.com"]
[Date "2021.04.27"]
[Round "8"]
[White "niki_2003"]
[Black "catzapto"]
[Result "0-1"]
[WhiteElo "2017"]
[BlackElo "2100"]
[TimeControl "180+1"]
[EndTime "11:22:08 PDT"]
[Termination "catzapto won by checkmate"]

1. e4 c5 2. Nf3 d6 3. d4 cxd4 4. Nxd4 Nf6 5. Nc3 Nc6 6. Be3 a6 7. f3 Nxd4 8. Bxd4 Be6 9. Bd3 Rc8 10. O-O g6 11. f4 Bg7 12. f5 Bc4 13. fxg6 hxg6 14.
Bxc4 Rxc4 15. Bxf6 Bxf6 16. Nd5 Bxb2 17. Rb1 Bd4+ 18.
Kh1 e6 19. Rxb7 Rxh2+ 20. Kxh2 Qh4# 0-1

[Event "*** Titled Tuesday Blitz"]
[Site "Chess.com"]
[Date "2021.04.27"]
[Round "8"]
[White "elextranjero00"]
[Black "miragha_yev"]
[Result "1-0"]
[WhiteElo "2617"]
[BlackElo "2737"]
[TimeControl "180+1"]
[EndTime "11:22:54 PDT"]
[Termination "elextranjero00 won by resignation"]

1. e4 e5 2. Nf3 Nc6 3. Bc4 Nf6 4. d3 Bc5 5. c3 h6 6. a4 a6 7. O-O d6 8. Nbd2 Ba7 9. b4 O-O 10. h3 Re8 11. Re1 Be6 12. Bxe6 Rxe6 13. Qc2 Qd7 14. Nf1 d5 15. Be3 Bxe3 16. Nxe3 Rd8 17. b5 axb5 18. axb5 Ne7 19. c4 dxe4 20. dxe4 c6 21. b6 Qd3 22.
Rad1 Qxc2 23. Rxd8+ Kh7 24. Nxc2 1-0

[Event "*** Titled Tuesday Blitz"]
[Site "Chess.com"]
[Date "2021.04.27"]
[Round "8"]
[White "ckgchess"]
[Black "AlexPapasimakopoulos"]
[Result "1-0"]
[WhiteElo "2691"]
[BlackElo "2574"]
[TimeControl "180+1"]
[EndTime "11:22:54 PDT"]
[Termination "ckgchess won by resignation"]

1. e4 e6 2. d4 d5 3. Nd2 Nf6 4. e5 Nfd7 5. c3 c5 6. Bd3 Nc6 7. Ne2 cxd4 8. cxd4 f6 9. Nf4 Nxd4 10. Qh5+ Ke7 11.
Ng6+ hxg6 12. exf6+ Nxf6 13. Qxh8 Kf7 14. O-O e5 15.
Nb3 Nxb3 16. axb3 Bf5 17. Bxf5 gxf5 18. Bg5 Bc5 19. Qh3 Qd7 20. Bxf6 Kxf6 21. b4 Bxb4 22.
Qh4+ g5 23. Qxb4 g4 24. Rxa7 Rb8 25. Rc1 Kg5 26. Ra5 f4 27. Rd1 b5 28. Qc5 Rc8 29.
Qxb5 1-0

[Event "*** Titled Tuesday Blitz"]
[Site "Chess.com"]
[Date "2021.04.27"]
[Round "8"]
[White "TedBelanoff"]
[Black "gisela_roque"]
[Result "0-1"]
[WhiteElo "2191"]
[BlackElo "1888"]
[TimeControl "180+1"]
[EndTime "11:22:57 PDT"]
[Termination "gisela_roque won by resignation"]

1. e4 e6 2. f4 d5 3. Nc3 Nf6 4.
e5 Nfd7 5. Nf3 c5 6. Bb5 a6 7. Bxd7+ Bxd7 8. O-O Nc6 9. d3 b5 10. Kh1 Be7 11. Ne2 O-O 12. Ng3 f6 13. Re1 fxe5 14.
Nxe5 Nxe5 15. Rxe5 Bd6 16. Rh5 Bxf4 17. Bxf4 Rxf4 18.
Qe2 Qf6 19. Re1 Rf8 20. c3 Rf2 21. Qe3 d4 22. Qc1 Bc6 23. Ne4 Bxe4 24. dxe4 Rf1+ 0-1

[Event "*** Titled Tuesday Blitz"]
[Site "Chess.com"]
[Date "2021.04.27"]
[Round "8"]
[White "Novoselski"]
[Black "Kapibara_Warri0r"]
[Result "0-1"]
[WhiteElo "2391"]
[BlackElo "2241"]
[TimeControl "180+1"]
[EndTime "11:23:09 PDT"]
[Termination "Kapibara_Warri0r won by resignation"]

1. e4 e5 2. Nf3 Nc6 3. Bb5 a6 4.
Ba4 Nf6 5. O-O Be7 6. Bxc6 dxc6 7. d3 Qd6 8. Nbd2 Be6 9. b3 O-O-O 10. a4 Bg4 11. h3 Bh5 12. Nc4 Qe6 13. Ba3 Bxa3 14.
Rxa3 Nxe4 15. g4 Bxg4 16. hxg4 Qxg4+ 17. Kh1 Nc3 18. Qe1 Qxf3+ 19. Kg1 Ne2+ 0-1

[Event "*** Titled Tuesday Blitz"]
[Site "Chess.com"]
[Date "2021.04.27"]
[Round "8"]
[White "gxbg2000"]
[Black "LamaChampetre"]
[Result "0-1"]
[WhiteElo "1961"]
[BlackElo "2206"]
[TimeControl "180+1"]
[EndTime "11:23:27 PDT"]
[Termination "LamaChampetre won by resignation"]

1. e4 c5 2. f4 g6 3. Nf3 Nc6 4. c3 Bg7 5. d3 e6 6. Be2 Nge7 7. O-O d5 8. Nbd2 O-O 9. e5 b6 10. b3 Bb7 11. Qc2 Rc8 12. Rd1 d4 13. c4 Nb4 14.
Qb1 Nf5 15. Ne4 Bxe4 16. dxe4 Nh4 17. a3 d3 18. Nxh4 dxe2 19. Re1 Qxh4 20. Bd2 Nc6 21. Rxe2 Nd4 22. Re1 Rcd8 23. Be3 Qg4 24. Kf1 Bh6 25. g3 Qf3+ 26. Kg1 Ne2+ 0-1

[Event "*** Titled Tuesday Blitz"]
[Site "Chess.com"]
[Date "2021.04.27"]
[Round "8"]
[White "WonderChampion"]
[Black "Mrlammy"]
[Result "0-1"]
[WhiteElo "2095"]
[BlackElo "2258"]
[TimeControl "180+1"]
[EndTime "11:23:30 PDT"]
[Termination "Mrlammy won by resignation"]

1. d4 Nf6 2. Bg5 d5 3. Nd2 Nc6 4. Ngf3 g6 5. Bxf6 exf6 6. e3 Bg7 7. c4 dxc4 8. Bxc4 O-O 9. O-O a6 10. b3 b5 11. Bd3 Bb7 12. Rc1 Nb4 13. Bb1 Nd5 14. Re1 Re8 15. Nf1 b4 16. Ng3 Nc3 17. e4 Nxd1 18. Rcxd1 Qe7 19. d5 Rad8 0-1

[Event "*** Titled Tuesday Blitz"]
[Site "Chess.com"]
[Date "2021.04.27"]
[Round "8"]
[White "Matensien"]
[Black "grandcoach"]
[Result "1-0"]
[WhiteElo "2346"]
[BlackElo "2235"]
[TimeControl "180+1"]
[EndTime "11:23:33 PDT"]
[Termination "Matensien won by resignation"]

1. c4 Nf6 2. Nf3 e6 3. g3 d5 4. Bg2 Be7 5. O-O O-O 6. b3 b6 7.
Bb2 Bb7 8. cxd5 exd5 9. d4 c5 10. Nc3 Nc6 11. Rc1 Rc8 12. Qd3 c4 13. Qb1 a6 14. Rfd1 b5 15. bxc4 dxc4 16. Ne5 Na5 17. Bxb7 Nxb7 18. a3 Nd5 19. Nxd5 Qxd5 20. e4 Qd8 21. d5 Nd6 22. Nc6 Qd7 23. e5 Nf5 24. Qxf5 1-0

[Event "*** Titled Tuesday Blitz"]
[Site "Chess.com"]
[Date "2021.04.27"]
[Round "8"]
[White "Valeron87"]
[Black "Ze-Pequeno"]
[Result "1-0"]
[WhiteElo "2417"]
[BlackElo "2227"]
[TimeControl "180+1"]
[EndTime "11:23:44 PDT"]
[Termination "Valeron87 won by resignation"]

1. e4 c5 2. Nf3 d6 3. d4 cxd4 4. Qxd4 a6 5. Be2 Nc6 6. Qe3 g6 7. O-O Bg7 8. h3 Nf6 9. Rd1 Qc7 10. c4 O-O 11. Nc3 Na5 12. Nd5 Nxd5 13. cxd5 Bd7 14.
Bd2 Nc4 15. Rdc1 1-0